[Event "*** Titled Tuesday Blitz"]
[Site "Chess.com"]
[Date "2020.04.07"]
[Round "7"]
[White "Paralinch"]
[Black "StephenDedalus83"]
[Result "1-0"]
[WhiteElo "2939"]
[BlackElo "2750"]
[TimeControl "180+1"]
[EndTime "14:20:32 PDT"]
[Termination "Paralinch won by resignation"]

1. e4 g6 2. d4 Bg7 3. Bc4 e6 4.
Nf3 d5 5. exd5 exd5 6. Bd3 Ne7 7.
O-O O-O 8. Bg5 f6 9. Bf4 Bf5 10.
Re1 Nbc6 11. c3 Qd7 12. Na3 a6 13. Nc2 Rae8 14. h3 g5 15. Bh2 h6 16. Qd2 Nd8 17. Re2 Bxd3 18. Qxd3 Nc8 19. Rae1 Rxe2 20. Rxe2 Nd6 21. Bxd6 Qxd6 22. Ne3 Qd7 23. Qf5 Qxf5 24. Nxf5 Nc6 25. g4 Kf7 26. Nd2 Rd8 27. Nf1 Bf8 28.
N1g3 Ne7 29. Nxe7 Bxe7 30. Nf5 Bf8 31. Kg2 c6 32. a4 Rd7 33. b4 Rd8 34. Kf1 Rd7 35.
Ke1 Rd8 36. Kd1 Ra8 37. Kc2 Rc8 38. Kb3 Rc7 39. a5 Rc8 40. c4 dxc4+ 41. Kxc4 Rd8 42.
Re4 Rd5 43. Re3 Rb5 44. Rb3 Ke6 45. f3 Kf7 46. Ng3 Ke6 47. Ne4 Rd5 48. Re3 Kf7 49. Re2 Rd8 50. Ng3 Rd5 51. Re1 Rb5 52. Rb1 Rd5 53. Ne4 f5 54. Ng3 f4 55. Ne4 Bg7 56.
Rd1 Bf8 57. Nc3 Rd8 58. d5 cxd5+ 59. Rxd5 Rc8+ 60. Kb3 Ke6 61. Rf5 Be7 62. Nd5 Rc1 63. Nxe7 Kxe7 64. Re5+ Kd6 65. Rf5 Ke6 66. h4 gxh4 67.
Rh5 Rf1 68. Kc4 Rxf3 69. Rxh4 Ke5 70. Rh5+ Ke4 71. Rxh6 Rg3 72. Re6+ Kf3 73. Rb6 Rxg4 74. Rxb7 Rg1 75. Rb6 Rc1+ 76. Kb3 Ke2 77. Rxa6 f3 78. Re6+ Kd3 79. Rf6 Ke3 80. a6 f2 81. b5 f1=Q 82.
Rxf1 Rxf1 83. a7 Rb1+ 84. Kc4 Ra1 85. b6 Ke4 86. b7 1-0

[Event "*** Titled Tuesday Blitz"]
[Site "Chess.com"]
[Date "2020.04.07"]
[Round "7"]
[White "Gabrielian_Artur"]
[Black "Natalya_Buksa"]
[Result "1-0"]
[WhiteElo "2721"]
[BlackElo "2457"]
[TimeControl "180+1"]
[EndTime "14:20:32 PDT"]
[Termination "Gabrielian_Artur won by resignation"]

1. e4 c5 2. Nc3 Nc6 3. Bb5 Nd4 4. Bc4 e6 5. Nf3 a6 6. O-O b5 7. Bd3 Ne7 8. Nxd4 cxd4 9. Ne2 Nc6 10. a4 b4 11. Ng3 Be7 12. f4 Bb7 13. b3 d5 14.
e5 g6 15. Bb2 Qb6 16. Kh1 a5 17. Bb5 Bc5 18. Qf3 Ba6 19. Bxc6+ Qxc6 20. d3 O-O-O 21. Ne2 Qb6 22. Qf2 Kb8 23. Bxd4 Bxd4 24. Nxd4 Rc8 25. Nf3 Qxf2 26. Rxf2 Rc7 27. Nd4 Rhc8 28. g4 Kb7 29. Kg2 Kb6 30. Kf3 Kc5 31. Ke3 Rh8 32. f5 gxf5 33. gxf5 Bc8 34. fxe6 fxe6 35. Rg1 Kb6 36. Rf6 Re8 37. h4 Ree7 38. h5 Rf7 39. Rxf7 Rxf7 40.
h6 Rf8 41. Rg7 Rf1 42. Rxh7 Re1+ 43. Kf4 Rh1 44. Rh8 Bd7 45. Nf3 Kc7 46. d4 Be8 47. Rxe8 Rxh6 48. Re7+ Kc6 49. Ng5 Rh4+ 50. Ke3 Rg4 51.
Nxe6 Re4+ 52. Kd3 Rh4 53. Nd8+ Kb6 54. Rb7+ Ka6 55. Rb5 Ka7 56. Nc6+ Ka6 57. Nxa5 Re4 58. Nb7 Rh4 59. Nc5+ Ka7 60. e6 Rh3+ 61. Kd2 Rh2+ 62. Kc1 Rh1+ 63. Kb2 Re1 64. Rb7+ Ka8 65. Rd7 Kb8 66.
e7 Kc8 67. Rd8+ Kc7 68. e8=Q Rxe8 69. Rxe8 Kd6 70. Re6+ Kc7 71. a5 Kb8 72. Re7 Kc8 73. a6 Kd8 74. Rb7 Kc8 75. a7 1-0

[Event "*** Titled Tuesday Blitz"]
[Site "Chess.com"]
[Date "2020.04.07"]
[Round "7"]
[White "Bad4life"]
[Black "IljaJoke"]
[Result "1/2-1/2"]
[WhiteElo "2333"]
[BlackElo "2495"]
[TimeControl "180+1"]
[EndTime "14:20:32 PDT"]
[Termination "Game drawn - insufficient material"]

1. e4 g6 2. d4 Nf6 3. Bd3 d5 4. e5 Nfd7 5. h4 c5 6. h5 Bg7 7.
hxg6 hxg6 8. Rxh8+ Bxh8 9. e6 Nf6 10. exf7+ Kxf7 11. Nf3 Nc6 12. Ng5+ Kg7 13. c3 cxd4 14. cxd4 Nxd4 15. Bxg6 Kxg6 16. Qxd4 Ne4 17. Qd3 Qc7 18. Nd2 Bf6 19. Ngxe4 dxe4 20. Nxe4 Bf5 21. g4 Bxg4 22.
Ng3+ Kg7 23. Be3 Rd8 24. Qe4 Qa5+ 25. Kf1 Qb5+ 26. Kg1 Qd7 27. Rc1 Qe6 28. Qxb7 Rh8 29.
Qg2 Kf7 30. Re1 Qd6 31. Qe4 Rg8 32. Qh7+ Rg7 33. Qe4 Be6 34. Bf4 Qd5 35. Qxd5 Bxd5 36. b3 e5 37. Bxe5 Bxe5 38. Rxe5 Be6 39. Re3 Rg4 40.
Kg2 a5 41. Kf3 Rd4 42. Ne4 Bd5 43. Kf4 a4 44. Ke5 Rd1 45. Nd6+ Kg6 46. Rg3+ Kh5 47.
bxa4 Bxa2 48. Kf5 Rd5+ 49. Ke6 Rd3+ 50. Kd7 Rd2 51. f4 Kh4 52. Rg5 Kh3 53. Ke7 Bb1 54. Nf5 Re2+ 55. Kf6 Rc2 56. Rg3+ Kh2 57. Ra3 Rc6+ 58.
Ke5 Rc5+ 59. Kd4 Rxf5 60. Ke3 Bc2 61. Ra2 Rc5 62. Kd4 Rc8 63. f5 Kh3 64. f6 Kg4 65.
Ke5 Bb3 66. Ra3 Rc3 67. f7 Re3+ 68. Kd4 Rf3 69. f8=Q Rxf8 70. Rxb3 Rf4+ 71. Ke5 Rxa4 72. Rd3 Kg5 73. Rd4 Rxd4 74. Kxd4 1/2-1/2

[Event "*** Titled Tuesday Blitz"]
[Site "Chess.com"]
[Date "2020.04.07"]
[Round "7"]
[White "lIlIlIlI_lIl"]
[Black "Icewizard1"]
[Result "1/2-1/2"]
[WhiteElo "2619"]
[BlackElo "2859"]
[TimeControl "180+1"]
[EndTime "14:20:35 PDT"]
[Termination "Game drawn by agreement"]

1. e4 c5 2. Nf3 d6 3. d4 cxd4 4. Nxd4 Nf6 5. Nc3 g6 6. Be2 Bg7 7. O-O O-O 8. Re1 a6 9. Bf1 b5 10. a4 b4 11. Nd5 Nxd5 12. exd5 Re8 13. a5 Bb7 14. Bc4 Qc7 15. Bb3 Nd7 16. Ra4 Nc5 17.
Rxb4 Qxa5 18. c3 Nxb3 19. Rxb7 Nxd4 20. cxd4 Qxd5 21. Rbxe7 Rxe7 22. Rxe7 Bf6 23. Re2 Qxd4 24. Rd2 Qb4 25. Rxd6 Bxb2 26. Bxb2 Qxb2 27. h4 Rc8 28. Qf3 Rc1+ 29. Kh2 Qe5+ 30. Qg3 Qxg3+ 31. Kxg3 Ra1 32. Rd7 Kg7 33. Ra7 h5 34. f3 Kf6 35. Kf4 Ra4+ 36.
Kg3 a5 37. Kh3 Ra1 38. Kg3 a4 39.
Kf4 a3 40. Ra6+ Kg7 41. Kg3 a2 42. Kh2 f6 43. Ra7+ Kf8 44. Kg3 g5 45. hxg5 fxg5 46. Kh2 h4 47. Ra3 Kf7 48. Ra7+ Kf6 49. Ra5 Ke6 50. g3 hxg3+ 51. Kg2 Kf7 52. Ra7+ Kf6 53. Ra6+ Ke5 54. Ra5+ Kf4 55. Ra4+ Ke3 56. Ra3+ Kd2 57.
Ra8 Ke1 58. Re8+ Kd1 59. Rd8+ Kc1 60. Rc8+ Kd1 61. Rd8+ Kc1 62. Rc8+ Kb2 63. Rb8+ Ka3 64. Ra8+ Kb4 65. Rb8+ Kc5 66. Rc8+ Kb6 67. Ra8 Kb7 68. Ra3 Kb6 1/2-1/2

[Event "*** Titled Tuesday Blitz"]
[Site "Chess.com"]
[Date "2020.04.07"]
[Round "7"]
[White "rpragchess"]
[Black "Oleksandr_Bortnyk"]
[Result "0-1"]
[WhiteElo "2799"]
[BlackElo "2991"]
[TimeControl "180+1"]
[EndTime "14:20:36 PDT"]
[Termination "Oleksandr_Bortnyk won by resignation"]

1. Nf3 Nf6 2. g3 b6 3. Bg2 Bb7 4. O-O g6 5. d4 Bg7 6. c4 O-O 7. d5 Re8 8. Nc3 e5 9. dxe6 dxe6 10.
Qc2 Nbd7 11. Rd1 Qe7 12. Bf4 Rec8 13. e4 e5 14. Bg5 c6 15. Bh3 Rd8 16. Bxd7 Rxd7 17.
Rxd7 Qxd7 18. Nxe5 Qe6 19. Nf3 Qxc4 20. Qb3 Qxb3 21.
axb3 c5 22. Nd2 Nd7 23. Nc4 Bxc3 24. bxc3 Bxe4 25. b4 Bd3 26. Nd6 cxb4 27. cxb4 a5 28. Ra3 Be2 29. Re3 Bg4 30. bxa5 bxa5 31. Re7 Be6 32.
Nxf7 Bxf7 33. Rxd7 a4 34. Rd8+ Rxd8 35. Bxd8 a3 36. Be7 a2 37. Bf6 Bd5 38. f4 Kf7 39. Ba1 Ke6 40. Kf2 Kf5 41. Ke3 Kg4 42. Kf2 Kh3 43. Kg1 Bb7 44. Bb2 Ba6 45. Ba1 Bd3 46. Bb2 Bf5 47. Ba1 Bc8 48. Bb2 Bb7 49. Ba1 Kg4 50.
Kf2 Kf5 51. Ke3 Bh1 52. Bb2 Ke6 53. Kd4 Kd6 54. Ba1 Bf3 55. Ke3 Bg4 56. Kd4 Bc8 57. Bb2 Bb7 58. Ba1 Ke6 59. Bb2 Bc6 60. Ba1 Ba4 61.
Bb2 Bd1 62. Ba1 Kf5 63. Ke3 Kg4 64. Kf2 Bb3 65. Bb2 Be6 66. Ba1 h5 67. Bb2 Kh3 68.
Kg1 Bg8 69. Ba1 Bd5 70. Bb2 Bb7 71. Ba1 Kg4 72. Kf2 h4 73. gxh4 Kxf4 74. h3 Ba6 75. h5 gxh5 76. h4 Kg4 77. Bf6 Kf5 78. Ba1 Ke4 79.
Kg3 Kd3 80. Kf4 Kc2 81. Kg5 Be2 0-1

[Event "*** Titled Tuesday Blitz"]
[Site "Chess.com"]
[Date "2020.04.07"]
[Round "7"]
[White "youngKID"]
[Black "Semen_Khanin"]
[Result "1-0"]
[WhiteElo "2828"]
[BlackElo "2650"]
[TimeControl "180+1"]
[EndTime "14:20:37 PDT"]
[Termination "youngKID won by resignation"]

1. Nf3 Nf6 2. g3 g6 3. Bg2 Bg7 4. O-O O-O 5. c4 c6 6. b3 d5 7. Bb2 a5 8. d3 a4 9. Nbd2 a3 10. Bc3 c5 11. cxd5 Nxd5 12. Bxg7 Kxg7 13. Qc1 b6 14. Nc4 Nc6 15. Nxa3 Bg4 16. Qb2+ f6 17. Nc2 b5 18. Rac1 b4 19. Ne3 Nc3 20. a4 Bxf3 21.
Bxf3 Nd4 22. Nd1 Nxf3+ 23. exf3 Qxd3 24. Nxc3 bxc3 25. Rxc3 Qd5 26. Qc2 Rfb8 27. Rd1 Qb7 28. Rdd3 Rc8 29. Rxc5 Rxc5 30. Qxc5 Rc8 31. Qe3 Rc2 32.
Qe4 Qc7 33. Kg2 f5 34. Qd4+ Kh6 35. Rd2 Rc3 36. Rd3 Rc2 37. Qf4+ Qxf4 38. gxf4 Kg7 39. a5 Ra2 40. b4 Kf6 41. Rd5 Ke6 42. Rb5 Kd6 43.
Rb6+ Kc7 44. Re6 Kd7 45. Re3 Ra4 46. Rb3 Kc7 47. Rc3+ Kd6 48. Rc4 Kd5 49. Rc5+ Kd6 50. Rb5 Kc6 51. Rb6+ Kc7 52. h4 Ra1 53. Re6 Kd7 54.
Ra6 Rb1 55. Rb6 Kc7 56. Rb5 Kc6 57. Rc5+ Kd6 58. a6 Rxb4 59. Ra5 Rb8 60. h5 Ra8 61. a7 Kc6 62. hxg6 hxg6 63. Kg3 Kb6 64. Ra1 Rxa7 65.
Rxa7 Kxa7 66. Kh4 Kb6 67. Kg5 Kc5 68. Kxg6 e6 69. Kf7 Kd6 70. Ke8 e5 71. Kf7 Kd5 72. Kf6 e4 73. fxe4+ Kxe4 74. Kg5 Kf3 75. Kxf5 Kxf2 76. Ke5 1-0

[Event "*** Titled Tuesday Blitz"]
[Site "Chess.com"]
[Date "2020.04.07"]
[Round "7"]
[White "Trickov"]
[Black "vova-79"]
[Result "1/2-1/2"]
[WhiteElo "2250"]
[BlackElo "2416"]
[TimeControl "180+1"]
[EndTime "14:20:37 PDT"]
[Termination "Game drawn - timeout vs insufficient material"]

1. d4 d5 2. Nf3 Nf6 3. c4 c6 4. Nc3 e6 5. g3 dxc4 6. a4 Nbd7 7. e4 Bb4 8. Qc2 b5 9. Bg2 Bb7 10. O-O a6 11. e5 Nd5 12. Ne4 h6 13. b3 cxb3 14.
Qxb3 O-O 15. Ba3 Bxa3 16. Rxa3 b4 17. Raa1 a5 18. Rfc1 Qb6 19. Nfd2 Ba6 20. Nc5 Nxc5 21. Rxc5 Nc3 22. Rxc3 Qxd4 23. Rcc1 Qxd2 24. Rxc6 Qd4 25. Rac1 Ra7 26. R6c5 Bd3 27. Rc6 Qxe5 28. Qxd3 g6 29.
R6c5 Qf6 30. Qe3 Kg7 31. Rb5 Ra6 32. Bb7 Rd6 33. Rxa5 Rfd8 34. Be4 Qb2 35. Rac5 b3 36.
Qc3+ Qxc3 37. R5xc3 b2 38. Rf1 Rd4 39. Bb1 Rxa4 40. Rb3 Rd2 41. Kg2 Rc4 42. Bd3 Rc1 43. Be4 f5 44. Bb1 Rdd1 45. Rxd1 Rxd1 46. Rxb2 Kf6 47.
Bc2 Rd2 48. Ra2 h5 49. Bb3 Rd6 50. Ra4 Rb6 51. Bc4 Rd6 52. Ra6 Rxa6 53. Bxa6 e5 54. h4 g5 55. f4 exf4 56. gxf4 gxf4 57. Kf3 Ke5 58. Bd3 Kf6 59. Kxf4 Kg7 60. Bxf5 Kh8 61. Bg6 Kg8 62. Bxh5 Kh8 63. Kg5 Kg8 64. Kh6 Kh8 65. Bg6 Kg8 1/2-1/2

[Event "*** Titled Tuesday Blitz"]
[Site "Chess.com"]
[Date "2020.04.07"]
[Round "7"]
[White "Colombiano07"]
[Black "erlesfar"]
[Result "1/2-1/2"]
[WhiteElo "2236"]
[BlackElo "2030"]
[TimeControl "180+1"]
[EndTime "14:20:38 PDT"]
[Termination "Game drawn by repetition"]

1. Nf3 g6 2. d3 Bg7 3. g3 e5 4. Bg2 Nc6 5. O-O d6 6. c4 h5 7. Bg5 Nge7 8. Nc3 f6 9. Be3 Be6 10. Rb1 d5 11. cxd5 Nxd5 12. Nxd5 Bxd5 13. Qa4 O-O 14. b4 b6 15. Rbc1 Qd7 16. Nxe5 fxe5 17. Bxd5+ Qxd5 18. Qxc6 Qxa2 19. Qxg6 Qf7 20. Qxf7+ Rxf7 21. b5 a5 22. bxa6 Rxa6 23. Rc6 Ra2 24. Rfc1 Ra7 25.
h4 Rb7 26. R1c4 Kf8 27. Bh6 Bxh6 28. Rxh6 b5 29. Rb4 c5 30. Rb2 b4 31. Rxh5 Rfe7 32. Kg2 Ke8 33. Kf3 Kd7 34. Ke4 Kc6 35. Rxe5 Rxe5+ 36. Kxe5 Kb5 37. h5 c4 38. dxc4+ Kxc4 39. g4 Kc3 40.
Rb1 Kc2 41. Rh1 b3 42. h6 b2 43. g5 Rd7 44. g6 Rd1 45. Rxd1 Kxd1 46. g7 b1=Q 47. g8=Q Qb2+ 48. Kf4 Qd2+ 49. Kg3 Qxh6 50. Qg4 Ke1 51. e4 Qd2 52. e5 Qxf2+ 53. Kh3 Qf1+ 54. Kh4 Qh1+ 55. Kg5 Qd5 56. Qf5 Qd8+ 57. Qf6 Qg8+ 58. Kf5 Qh7+ 59. Ke6 Qg8+ 60. Kd7 Qd5+ 61. Qd6 Qf7+ 62. Kd8 Qg8+ 63. Kc7 Qc4+ 64. Kb6 Qb3+ 65.
Kc6 Qc4+ 66. Kd7 Qf7+ 67. Kc8 Qc4+ 68. Qc7 Qe6+ 69. Kb7 Qd5+ 70. Kb6 Qb3+ 71. Kc6 Qe6+ 72. Qd6 Qc4+ 73. Kb6 Qb3+ 74. Ka5 Qa2+ 75. Kb5 Qe2+ 76. Kb4 Qb2+ 77. Kc4 Qa2+ 78. Kd3 Qd2+ 79. Ke4 Qe2+ 80. Kf5 Qh5+ 81. Ke6 Qe8+ 82. Qe7 Qc6+ 83. Qd6 Qe8+ 84. Kf5 Qh5+ 85. Kf6 Qh6+ 86. Ke7 Qg7+ 87. Kd8 Qg8+ 88.
Kd7 Qf7+ 1/2-1/2

[Event "*** Titled Tuesday Blitz"]
[Site "Chess.com"]
[Date "2020.04.07"]
[Round "7"]
[White "Hubbery"]
[Black "StockholmMissile"]
[Result "1-0"]
[WhiteElo "2634"]
[BlackElo "2407"]
[TimeControl "180+1"]
[EndTime "14:20:41 PDT"]
[Termination "Hubbery won by resignation"]

1. d4 d5 2. c4 c6 3. cxd5 cxd5 4. Bg5 h6 5. Bh4 Qb6 6. Nc3 e6 7. Qd2 Ne7 8. f3 Nbc6 9. Rd1 Ng6 10. Bf2 Qd8 11.
e4 dxe4 12. fxe4 Be7 13. Nf3 O-O 14. Be2 b6 15. O-O Bb7 16. Bg3 Rc8 17. Kh1 Na5 18. d5 exd5 19. exd5 Nc4 20. Qc1 Bf6 21. Nd4 Nd6 22. Bf3 Bxd4 23. Rxd4 Nf5 24. Rdd1 Nxg3+ 25. hxg3 Qd6 26. Kh2 Rc4 27. Ne4 Qb4 28. a3 Qa4 29.
Qe3 Qd7 30. Rd2 Re8 31. Re1 Rcxe4 32. Bxe4 f5 33. Qd4 fxe4 34. Rxe4 Rxe4 35. Qxe4 Ne7 36. Qe5 Nxd5 37. Qb8+ Kh7 38. Qxa7 Qc6 39. Qb8 Ne3 40. Qf4 Nxg2 41. Qf5+ Qg6 42. Qxg6+ Kxg6 43. Rd6+ Kf5 44. Rxb6 Be4 45. a4 g5 46. a5 Ne3 47. a6 Nc4 48. Rb5+ Ke6 49. a7 Kd7 50. Rb8 Kc7 51. a8=Q Bxa8 52.
Rxa8 Nxb2 53. Rh8 Kd7 54. Rxh6 Nc4 55. Kh3 Ne5 56. Ra6 Ke7 57. Kg2 Kf7 58. Kf2 Kg7 59. Ke3 Nf7 60. Ke4 Nh6 61. Ke5 Nf7+ 62. Kf5 g4 63.
Kxg4 Nh6+ 64. Rxh6 Kxh6 65. Kf5 Kh7 66. g4 Kh8 67. Kf6 Kh7 68. g5 Kh8 69. Kf7 Kh7 70.
g6+ Kh8 71. g7+ Kh7 72. g8=Q+ 1-0

[Event "*** Titled Tuesday Blitz"]
[Site "Chess.com"]
[Date "2020.04.07"]
[Round "7"]
[White "tteshan"]
[Black "Lony7"]
[Result "0-1"]
[WhiteElo "2196"]
[BlackElo "2385"]
[TimeControl "180+1"]
[EndTime "14:20:43 PDT"]
[Termination "Lony7 won by resignation"]

1. e4 e6 2. d4 d5 3. Nd2 c5 4.
exd5 Qxd5 5. Ngf3 cxd4 6. Bc4 Qd7 7. O-O Nc6 8. Nb3 a6 9. Bf4 b5 10. Be2 Bb7 11. Nbxd4 Nxd4 12. Nxd4 Rd8 13. c3 Nf6 14. a4 b4 15. Qb3 Nd5 16. Bg3 Be7 17.
Rad1 Qc8 18. Bf3 O-O 19. cxb4 Nxb4 20. Rc1 Qa8 21. Bxb7 Qxb7 22. Nc6 Rd3 23. Nxe7+ Qxe7 24. Qc4 Rfd8 25. Bh4 f6 26. Bg3 R3d4 27. Qc7 R8d7 28. Qb8+ Kf7 29. h3 Rb7 30. Qh8 Kg6 31. h4 h5 32. Rc8 Nd5 33. Re8 Qf7 34. Rf8 Qe7 35. Re1 e5 36. Re8 Qf7 37. Bxe5 Rxh4 38. Bg3 Rg4 39. Rf8 Qd7 40. Rd8 Qf5 41. Qe8+ Kg5 42.
Rd1 Nf4 43. Qe3 h4 44. R1d5 hxg3 45. Rxf5+ Kxf5 46. Qc5+ Kg6 47. fxg3 Rxg3 48. Qc2+ Kg5 49. Rd4 Rxg2+ 50. Qxg2+ Nxg2 51. Kxg2 Rxb2+ 52. Kf3 Ra2 53.
Rd5+ f5 54. a5 g6 55. Rc5 Ra4 56. Rd5 Ra3+ 57. Kf2 Kh5 58. Rc5 Kg5 59. Rd5 Kf4 60. Rc5 Ra2+ 61. Kf1 g5 62. Rc4+ Kg3 63. Rc3+ Kg4 64. Rc5 f4 65. Rd5 Kh4 66. Rc5 g4 67. Rc4 Kg3 68. Rc3+ f3 69. Ke1 Kg2 70. Rc1 g3 0-1

[Event "*** Titled Tuesday Blitz"]
[Site "Chess.com"]
[Date "2020.04.07"]
[Round "7"]
[White "rasmussvane"]
[Black "NewBornNow"]
[Result "1-0"]
[WhiteElo "2879"]
[BlackElo "2665"]
[TimeControl "180+1"]
[EndTime "14:20:46 PDT"]
[Termination "rasmussvane won on time"]

1. Nf3 c5 2. c4 Nc6 3. Nc3 g6 4.
e3 Bg7 5. d4 d6 6. Be2 Nf6 7. h3 O-O 8. O-O cxd4 9. exd4 d5 10. Re1 dxc4 11. Bxc4 Na5 12. Bd3 b6 13. Qe2 Bb7 14. Be3 Rc8 15. Rad1 Nd5 16. Bd2 Nb4 17. Bg5 Nxd3 18. Rxd3 Re8 19. Re3 f6 20. Bf4 Bf8 21.
b3 Nc6 22. Rd1 Nb4 23. Bg3 Nd5 24. Nxd5 Bxd5 25. Nd2 Bh6 26. Rd3 Rc2 27. a4 Qa8 28. f3 Qc6 29. Qe1 Rc3 30. Rxc3 Qxc3 31. Ne4 Qxe1+ 32.
Rxe1 Kf7 33. Bh4 Rc8 34. Bf2 Bxb3 35. Ra1 Rc1+ 36. Rxc1 Bxc1 37. Nc3 Bd2 38. Nb1 Bb4 39. Be3 Bxa4 40. Kf2 Bc2 41. Nd2 a5 42. Nc4 b5 43.
Nb6 a4 44. Nd5 Ba5 45. Bc1 b4 46. Ne3 Bb3 47. Ke2 a3 48. Kd3 e6 49. Nc4 Bc7 50.
Ne3 Bd6 51. Nc4 Be7 52. Na5 Bd5 53. Nc4 b3 54. Nxa3 Bb4 55. Bb2 g5 56. Nb1 h5 57.
Nd2 g4 58. hxg4 hxg4 59. fxg4 Bxg2 60. Nxb3 Bf3 61. Nd2 Bxg4 62. Ke3 Bf5 63. Nf3 Bg4 64. Nd2 Kg6 65. Nc4 Bd1 66. Bc1 Bb3 67. Nd2 Bd5 68.
Nf1 Kf5 69. Ng3+ Kg4 70. Ne2 Bd6 71. Bd2 f5 72. Nc3 f4+ 73. Kf2 f3 74. Nd1 1-0

[Event "*** Titled Tuesday Blitz"]
[Site "Chess.com"]
[Date "2020.04.07"]
[Round "7"]
[White "SamuelGhimpu2003"]
[Black "SahaNeelash"]
[Result "1/2-1/2"]
[WhiteElo "2679"]
[BlackElo "2517"]
[TimeControl "180+1"]
[EndTime "14:20:47 PDT"]
[Termination "Game drawn by repetition"]

1. Nf3 d5 2. c4 e6 3. b3 Nf6 4.
e3 Be7 5. Bb2 O-O 6. Be2 b6 7.
O-O Bb7 8. d3 Nbd7 9. Nbd2 c5 10. Rc1 Rc8 11. Qc2 Qc7 12. Qb1 Rfd8 13. cxd5 Nxd5 14.
a3 Bf6 15. d4 Qb8 16. Ne4 Be7 17. dxc5 Nxc5 18. Nxc5 Rxc5 19. Rxc5 Bxc5 20. Bd3 h6 21. Rd1 Be7 22. Bh7+ Kf8 23. Be4 Nf6 24. Rxd8+ Bxd8 25. Bxb7 Qxb7 26. h3 Qd5 27. Qc2 Ke8 28. b4 g6 29.
Ne5 Nd7 30. e4 Qd6 31. Nc4 Qc7 32. Qd3 Be7 33. g3 a5 34. bxa5 b5 35. Qc3 bxc4 36. a6 Bf6 37. Qb4 Bxb2 38. Qxb2 c3 39. Qc2 Nb6 40. a7 Qc4 41. Kh2 Qa6 42. Qxc3 Qxa7 43. Qh8+ Ke7 44. Qxh6 Qxa3 45. Qg5+ Kd7 46. Qb5+ Kc7 47.
Kg2 Nd7 48. h4 Qc5 49. Qd3 Qd6 50. Qf3 Ne5 51. Qf6 Kc6 52. Kh3 Qc7 53. f4 Nc4 54.
Qd4 Kb5 55. h5 gxh5 56. Kh4 Nb6 57. Kxh5 Qc5+ 58. Qxc5+ Kxc5 59. Kg5 Kd4 60. Kf6 Kxe4 61. Kxf7 Kd5 62. g4 Nc4 63. g5 Nd6+ 64. Kf6 Ne8+ 65.
Kf7 Nd6+ 66. Kf6 Ne4+ 67. Kf7 Ng3 68. g6 Nf5 69. g7 Nh6+ 70. Kg6 Ng8 71. Kf7 Nh6+ 72.
Kg6 Ng8 73. Kf7 Nh6+ 1/2-1/2

[Event "*** Titled Tuesday Blitz"]
[Site "Chess.com"]
[Date "2020.04.07"]
[Round "7"]
[White "gixfantastix"]
[Black "SimonKnightRivendell"]
[Result "0-1"]
[WhiteElo "2083"]
[BlackElo "1913"]
[TimeControl "180+1"]
[EndTime "14:20:53 PDT"]
[Termination "SimonKnightRivendell won on time"]

1. e3 d5 2. b3 Nf6 3. Bb2 Bf5 4. Nf3 Nbd7 5. Be2 e6 6. O-O Bd6 7. Nh4 Bg6 8. d3 Qe7 9. a4 Be5 10. Ba3 Bd6 11. Bb2 Be5 12. Nc3 c6 13. f4 Bd6 14. a5 a6 15. Na4 Bc7 16. Bf3 Bxa5 17. c4 Bc7 18. Nc3 O-O 19. Nxg6 hxg6 20. Qe1 Nc5 21. Qd1 Ncd7 22. Qe1 d4 23. exd4 Bxf4 24. Bxc6 Bxh2+ 25. Kxh2 Qd6+ 26. Kg1 Qxc6 27. Qh4 Rad8 28. Rf3 Nh5 29. Ne4 Ndf6 30. Ng5 Qb6 31. Ra3 e5 32. Kh1 exd4 33. Nh3 Qe6 34. Ra1 Qe2 35. Ba3 Rfe8 36. Raf1 Re3 37. Nf4 Rxf3 38. Nxe2 Rxf1+ 39. Kh2 Re8 40. Ng3 Rd1 41. Nxh5 Nxh5 42. Qf2 Ree1 43. g4 Rh1+ 44.
Kg2 Rdg1+ 45. Qxg1 Rxg1+ 46. Kxg1 Nf4 47. Bc5 Nxd3 48.
Bxd4 b5 49. c5 Nb4 50. Kf1 Nc6 51. Ke2 Nxd4+ 52. Kd3 Nc6 53. Ke4 Kf8 54. Kd5 Nb4+ 55.
Kd6 f5 56. c6 Nxc6 57. Kxc6 fxg4 58. Kb6 g3 59. Kxa6 g2 60. Kxb5 g1=Q 61. Ka6 Qc5 62. b4 Qxb4 63. Ka7 Ke7 64. Ka6 Kd7 65. Ka7 Kc7 66. Ka6 Qb7+ 67. Ka5 Qb3 0-1

[Event "*** Titled Tuesday Blitz"]
[Site "Chess.com"]
[Date "2020.04.07"]
[Round "7"]
[White "arctic_t00"]
[Black "Malev212"]
[Result "1/2-1/2"]
[WhiteElo "2409"]
[BlackElo "2561"]
[TimeControl "180+1"]
[EndTime "14:20:58 PDT"]
[Termination "Game drawn - insufficient material"]

1. d4 Nf6 2. Nf3 e6 3. e3 b6 4. Bd3 Bb7 5. O-O d5 6. b3 Bd6 7. c4 O-O 8. cxd5 exd5 9. Ba3 c5 10. Nc3 Nbd7 11. Rc1 a6 12. Bf5 Re8 13. Na4 Rc8 14. Re1 g6 15. Bh3 Rc7 16. Qe2 Bf8 17. dxc5 bxc5 18.
Qd2 Ne4 19. Qa5 f5 20. g3 Rc8 21. Qxd8 Rexd8 22. Red1 Bg7 23. Bb2 Ndf6 24. Ne5 d4 25. Nb6 Rb8 26. exd4 Ng5 27. Bf1 Ng4 28. Nbd7 Rxd7 29.
Nxd7 Nf3+ 30. Kg2 Rd8 31. d5 Bxb2 32. Rxc5 Rxd7 33. Kxf3 Ba3 34. Ra5 Bb4 35. Ra4 Rxd5 36. Rxd5 Bxd5+ 37. Ke2 a5 38. a3 Bxb3 39. Rxb4 axb4 40.
axb4 Bc4+ 41. Ke1 Bxf1 42. Kxf1 Kf7 43. b5 Ke6 44. Kg2 Kd6 45. Kf3 g5 46. h4 h6 47.
hxg5 hxg5 48. Ke2 Kc5 49. f3 Nf6 50. Ke3 Nd7 51. g4 f4+ 52. Ke4 Kc4 53. Kf5 Kd3 54. Kxg5 Ke3 55. Kf5 Kxf3 56. g5 Ke3 57. g6 f3 58. g7 f2 59. g8=Q f1=Q+ 60. Kg6 Ne5+ 61. Kh7 Qh3+ 62. Kg7 Qg4+ 63. Kf8 Nd7+ 64. Kf7 Qc4+ 65. Kg7 Qg4+ 66. Kf7 Qf5+ 67. Kg7 Qf6+ 68. Kh7 Ne5 69. Qg3+ Ke4 70. Qg2+ Kd4 71. Qd2+ Kc5 72. Qc3+ Kd6 73. Qd4+ Ke6 74. Qb6+ Ke7 75. Qxf6+ Kxf6 76. b6 Nd7 77. b7 Nb8 78. Kh6 Ke6 79. Kh5 Kd7 80. Kg4 Kc7 81. Kf4 Kxb7 1/2-1/2

[Event "*** Titled Tuesday Blitz"]
[Site "Chess.com"]
[Date "2020.04.07"]
[Round "7"]
[White "gvanna"]
[Black "Megagigahiper3345"]
[Result "0-1"]
[WhiteElo "2439"]
[BlackElo "2316"]
[TimeControl "180+1"]
[EndTime "14:21:00 PDT"]
[Termination "Megagigahiper3345 won on time"]

1. e4 c5 2. Nf3 d6 3. d4 cxd4 4. Nxd4 Nf6 5. Nc3 a6 6. Bg5 Nbd7 7. Qe2 e6 8. O-O-O Qc7 9. f4 h6 10. Bh4 b5 11. g4 Bb7 12. Bg2 Be7 13. Bxf6 Bxf6 14.
e5 dxe5 15. fxe5 Bxe5 16. Bxb7 Qxb7 17. Kb1 O-O 18. h4 Bxd4 19. Ne4 Be5 20. g5 Rad8 21. gxh6 Nf6 22. hxg7 Rfe8 23. Nc5 Qc6 24. Nd3 Bd4 25.
h5 Nh7 26. h6 Rd6 27. Nf4 Red8 28. Rhf1 Be5 29. Nd3 Bf6 30. Rde1 Rc8 31. Rf2 Bg5 32. Rh2 Rd5 33. Rf1 Qc7 34. c3 Rd7 35. Ne5 Re7 36.
Rg2 Bf6 37. Ng4 Bg5 38. Ne5 f6 39. Ng6 Ree8 40. Re1 Qc6 41. Rgg1 b4 42. cxb4 Qd5 43. Rgf1 Rc7 44. a3 Rec8 45. Nf4 Bxf4 46. Rxf4 e5 47. Rff1 Qf7 48. Rf2 a5 49. b5 Qg6+ 50. Ka2 Rc2 51. Qe3 Qf7+ 52. Ka1 Rxf2 53. Qxf2 Qg6 54. Qd2 Ng5 55.
Rg1 Qxh6 56. Qxa5 Qxg7 57. Qa6 Re8 58. Rf1 e4 59. b6 e3 60. b7 e2 61. Re1 Qc7 62. Rxe2 Rxe2 63. Qxe2 Qxb7 64. Qe8+ Kg7 65. Qe3 Qf7 66. Qf4 Ne6 67. Qg4+ Ng5 68. Qf5 Qg6 69. Qd7+ Kh6 70. a4 f5 71. Qd4 Qe6 72. Qh4+ Kg6 73. a5 Qe5 74. Qa4 f4 75. a6 f3 76. a7 f2 77.
Qa6+ Qf6 78. a8=Q f1=Q+ 79. Ka2 Q1xa6+ 80. Qxa6 Qxa6+ 0-1

[Event "*** Titled Tuesday Blitz"]
[Site "Chess.com"]
[Date "2020.04.07"]
[Round "7"]
[White "SoltaniciR"]
[Black "Euwe1234"]
[Result "0-1"]
[WhiteElo "2603"]
[BlackElo "2173"]
[TimeControl "180+1"]
[EndTime "14:21:05 PDT"]
[Termination "Euwe1234 won by resignation"]

1. e4 c5 2. Nf3 Nc6 3. Nc3 Nf6 4. d4 cxd4 5. Nxd4 e5 6. Ndb5 d6 7. Bg5 a6 8. Na3 b5 9. Nd5 Be7 10. Bxf6 Bxf6 11. c4 b4 12. Nc2 Bg5 13. Be2 O-O 14. Qd3 a5 15. O-O Kh8 16. b3 f5 17. Bf3 f4 18. Qe2 Ne7 19. Nxe7 Qxe7 20. a3 bxa3 21. Rxa3 Rb8 22. Rd1 Qc7 23. h3 Be7 24. Rd5 a4 25. Rb5 axb3 26. Raxb3 Be6 27. Na3 Rxb5 28. Rxb5 Ra8 29.
Rb3 g6 30. Bg4 Bxg4 31. Qxg4 d5 32. Nb5 Qxc4 33. Qe6 Qxb3 34. Qxe5+ Kg8 35. Qxe7 Qxb5 36. Qe6+ Kf8 37. Qf6+ Ke8 38. Qh8+ Kd7 39. Qxa8 Qb1+ 40. Kh2 Qxe4 41. Qb7+ Ke6 42. Qxh7 d4 43. Qg8+ Ke5 44. Qe8+ Kf5 45. Qf7+ Kg5 46. Qc4 Qe5 47. f3 Kf5 48. Qd3+ Kf6 49. Qc4 Kg5 50. Qc6 Qe3 51. Qd5+ Kf6 52.
Qd6+ Kf5 53. Qd5+ Qe5 54. Qd7+ Kg5 55. Qd8+ Qf6 56. Qd5+ Kh6 57. Qd7 Qe5 58. Qd8 Kg7 59. Qd7+ Kf6 60. Qd8+ Ke6 61. Qe8+ Kd6 62. Qxg6+ Kd5 63.
Qf7+ Kc5 64. Qf8+ Kc4 65. Qc8+ Kd3 66. Qa6+ Ke3 67. Qa7 Ke2 68. Qa2+ Ke3 69. Qa7 Qg5 70. Qb6 Qg3+ 71. Kh1 Qe1+ 72. Kh2 Qc3 73. Qe6+ Kf2 74. Qf5 d3 75. Qxf4 d2 76. Qg3+ Ke2 77. Qg4 d1=Q 78.
f4+ Kd2 79. Qd7+ Qd3 80. Qe7 Q1e2 81. Qg5 Qee3 82. Qg4 Qdd4 83. f5 Qxg4 84. hxg4 Kd3 0-1